 Dungeon Crawl Stone Soup version 0.26.1-11-gd32895ea62 (webtiles) character file.

Game seed: 13452258874849504267

21616 Ijustatesigmund the Basher (level 12, -3/88 HPs)
             Began as an Octopode Fighter on July 13, 2021.
             Was a High Priest of Cheibriados.
             Succumbed to poison (dark miasma)
             ... in a Gauntlet.
             The game lasted 00:30:02 (15833 turns).

Ijustatesigmund the Basher (Octopode Fighter)      Turns: 15833, Time: 00:30:02

Health: -3/88      AC:  1    Str: 36    XL:     12   Next: 91%
Magic:  10/19      EV: 20    Int: 32    God:    Cheibriados [*****.]
Gold:   1109       SH: 16    Dex: 30    Spells: 11/11 levels left

rFire    + . .     SeeInvis .   a - +7 flail
rCold    . . .     Faith    .   b - +2 kite shield
rNeg     . . .     Spirit   .   (helmet restricted)
rPois    .         Reflect  .   (no amulet)
rElec    .         Harm     .   f - +6 ring of intelligence
rCorr    .         Rampage  .   c - +6 ring of strength
Will     .....     NoTele   +   u - ring of protection from fire
Stlth    +++++.....             w - ring of flight
HPRegen  0.24/turn              t - ring of wizardry
MPRegen  0.16/turn              (no ring)
                                (no ring)
                                (no ring)

@: lethally poisoned (-3 -> -29), slowed, studying Summonings, very slow
A: almost no armour, stealthy swim, amphibious, 8 rings, constrict 8, camouflage
1, agile 1, gelatinous body 1
a: Renounce Religion, Evoke Flight, Bend Time, Temporal Distortion, Slouch, Step
From Time


You were in a Gauntlet.
You worshipped Cheibriados.
Cheibriados was extremely pleased with you.
You visited 1 branch of the dungeon, and saw 13 of its levels.
You also visited: Bailey and Gauntlet.

You collected 1378 gold pieces.
You spent 269 gold pieces at shops.

Inventory:

Hand Weapons
 a - a +7 flail (weapon)
Missiles
 g - 5 atropa-tipped darts (quivered)
 A - 6 curare-tipped darts
Armour
 b - a +2 kite shield (worn)
Jewellery
 c - a +6 ring of strength (right tentacle)
 f - a +6 ring of intelligence (left tentacle)
 t - a ring of wizardry (on tentacle)
 u - a ring of protection from fire (on tentacle)
 w - a ring of flight (on tentacle)
Wands
 j - a wand of flame (22)
 l - a wand of enslavement (2)
 x - a wand of iceblast (7)
 y - a wand of paralysis (12)
 z - a wand of digging (8)
Scrolls
 e - 7 scrolls of remove curse
 i - a scroll of immolation
 k - 3 scrolls of identify
 q - 5 scrolls of teleportation
 C - a scroll of blinking
Potions
 d - a potion of mutation
 h - a potion of brilliance
 m - a potion of invisibility
 n - 3 potions of curing
 r - 5 potions of flight
 s - a potion of ambrosia
 v - a potion of lignification
 B - 2 potions of magic
Books
 p - a manual of Summonings
Miscellaneous
 o - a condenser vane


   Skills:
 + Level 10.5 Fighting
 + Level 11.0 Maces & Flails
 - Level 3.1 Throwing
 + Level 7.7 Dodging
 - Level 4.4 Stealth
 + Level 7.7 Shields
 + Level 10.5 Invocations
 - Level 4.6 Evocations


You had 11 spell levels left.
You didn't know any spells.
Your spell library was empty.

Dungeon Overview and Level Annotations

Branches:
Dungeon (13/15)            Temple (0/1) D:4            Lair (0/6) D:10
    Orc (0/2) D:10         Bailey (visited)         Gauntlet (1/1)
 Vaults: D:13-14

Altars:
Ashenzari
Cheibriados
Elyvilon
Fedhas
Gozag
Hepliaklqana
Kikubaaqudgha
Okawaru
Qazlal
Ru
Uskayaw
Wu Jian
Yredelemnul

Shops:
D:12 *   D:13 ?:

Portals:
Trove: D:12 (give 5 scrolls of blinking)

Annotations:
D:10 2 transporters, Kukuleta's ghost, novice TeAE
D:12 3 runed translucent doors, exclusion: obsidian statue, ymhsbmbesitwf's ghost, journeyman MiFi Gauntlet 11 transporters, 2 runed translucent doors


Innate Abilities, Weirdness & Mutations

You cannot wear most types of armour.
You are very stealthy in the water. (Stealth+)
You are amphibious.
You can wear up to eight rings at the same time.
You can use your tentacles to constrict eight enemies at once.
Your skin changes colour to match your surroundings (Stealth+).
Your rubbery body absorbs attacks. (AC +1, EV +1)
You are agile. (Dex +2)


Message History

The death drake misses you.
You can feel time thicken for a moment.
You destroy the redback zombie!
Cheibriados thoroughly appreciates the change of pace.
The death drake barely misses you. The death drake breathes miasma at you.
The foul vapour misses you.
You sock the death drake!
You kill the death drake!
Cheibriados thoroughly appreciates the change of pace.
You are engulfed in dark miasma.
You are poisoned.
You feel as though you will be slow longer.
* * * LOW HITPOINT WARNING * * *
You feel sick.
Your Maces & Flails skill increases to level 11!
You are engulfed in dark miasma.
You are lethally poisoned!
* * * LOW HITPOINT WARNING * * *
You die...

.#..#Z...#..#..≈###§..#..#G#..≈#[
.#.###.#!#..#..##§##..#..#u#+###.
.#.Z.....#..#.........#..#u......
.#########..#.........#..########
.........#..###########..#.......
.#########..#.°.......#..########
.#.......#..#..°°°....#..#.##y#yy
.#.#.###.#..#..#○°.#.:#..##.#..##
.#...###)#..#..°@°P...#..##..##.#
©#..©###©#©©#....©...©#©©#.##©#.y
.#.##†..)#..#........$#..##.#..##
.#.##....#..#..#...#.[#..##..##y#
.#.......#..#.........#..#.##.#.(
.#########..#.........#..########
.........#..###########..#.......
.#########..#.........#..########
.##3#3#.##..#.........#..#.....33


There were no monsters in sight!

Vanquished Creatures
  Harold (D:9)
  Erica (D:8)
  3 two-headed ogres
  A tengu warrior (D:12)
  2 unseen horrors
  A death drake (Gauntlet)
  Pikel (D:5)
  An orc knight (Bailey)
  A cyclops (D:6)
  A moth of wrath (Gauntlet)
  A gargoyle (D:12)
  2 kobold demonologists (D:12)
  2 komodo dragons
  A redback zombie (Gauntlet)
  2 guardian mummies (D:12)
  A troll (D:12)
  2 hornets
  A spectral meliai (Gauntlet)
  A meliai zombie (Gauntlet)
  19 yaks
  A steam dragon (D:10)
  3 vampire mosquitoes (D:13)
  An acid dragon (D:8)
  Edmund (D:5)
  A hornet zombie (D:10)
  11 orc warriors
  A spectral hornet (Gauntlet)
  A black bear (D:10)
  6 phantoms
  5 sky beasts
  8 ice beasts
  5 ogres
  A boggart (D:8)
  2 necrophages (D:8)
  6 wolves (Gauntlet)
  3 centaurs
  A big kobold (D:11)
  9 bullfrogs
  2 wyvern skeletons
  2 scorpions
  5 killer bees (D:12)
  18 wights
  3 howler monkeys (D:11)
  A centaur zombie (D:9)
  A quasit (D:6)
  A bullfrog zombie (D:11)
  A bullfrog skeleton (D:4)
  5 hounds
  7 orc priests
  A jelly (D:9)
  Crazy Yiuf (D:2)
  2 centaur skeletons
  14 orc wizards
  3 iguanas
  10 worker ants
  A hound skeleton (D:4)
  3 worker ant zombies
  A howler monkey zombie (D:10)
  10 gnolls
  9 adders
  2 shadow imps
  A white imp (D:10)
  5 ufetubi
  2 adder skeletons
  2 adder zombies
  A worm (D:2)
  A dart slug (D:1)
  5 leopard geckos
  43 orcs
  8 giant cockroaches
  8 goblins
  10 hobgoblins
  12 jackals
  5 quokkas
  2 ball pythons (D:2)
  3 bats
  3 frilled lizards
  A giant cockroach zombie (D:4)
  18 kobolds
  A leopard gecko zombie (D:5)
  4 rats
349 creatures vanquished.

Vanquished Creatures (collateral kills)
  2 orc warriors (Bailey)
  A quasit (D:10)
  An orc wizard (D:10)
  An iguana (D:10)
  7 orcs (D:10)
  A hobgoblin (Bailey)
  2 kobolds (Bailey)
15 creatures vanquished.

Vanquished Creatures (others)
  13 fungi (D:10)
  13 plants (D:10)
  26 withered plants
52 creatures vanquished.

Grand Total: 416 creatures vanquished

Notes
Turn   | Place    | Note
-------+----------+-------------------------------------------
     0 | D:1      | Ijustatesigmund the Octopode Fighter began the quest for
                  | the Orb.
     0 | D:1      | Reached XP level 1. HP: 16/16 MP: 1/1
   226 | D:1      | Reached XP level 2. HP: 18/21 MP: 2/2
  1220 | D:2      | Found a broken altar of Ashenzari.
  1241 | D:2      | Reached skill level 3 in Maces & Flails
  1241 | D:2      | Reached XP level 3. HP: 17/26 MP: 3/3
  1671 | D:2      | Gained mutation: One of your tentacles bears a spike.
                  | [potion of mutation]
  1671 | D:2      | Lost mutation: One of your tentacles bears a spike. [potion
                  | of mutation]
  1671 | D:2      | Gained mutation: You are agile. (Dex +2) [potion of
                  | mutation]
  1981 | D:2      | Reached XP level 4. HP: 30/32 MP: 4/4
  2412 | D:2      | Found a runed translucent door.
  2413 | D:2      | Noticed Crazy Yiuf
  2537 | D:2      | Killed Crazy Yiuf
  2538 | D:2      | Reached skill level 4 in Maces & Flails
  2898 | D:3      | Found a sacrificial altar of Ru.
  2904 | D:3      | Found a snail-covered altar of Cheibriados.
  2911 | D:3      | Became a worshipper of Cheibriados the Contemplative
  3115 | D:4      | Reached XP level 5. HP: 37/37 MP: 5/5
  3308 | D:4      | Noticed an ogre
  3316 | D:4      | Killed an ogre
  3317 | D:4      | Reached skill level 1 in Invocations
  3414 | D:4      | Found a staircase to the Ecumenical Temple.
  3452 | D:4      | Reached XP level 6. HP: 36/44 MP: 7/7
  3588 | D:4      | Found an ornate altar of the Wu Jian Council.
  3760 | D:4      | Found a broken altar of Ashenzari.
  3972 | D:4      | Reached * piety under Cheibriados
  4187 | D:5      | Entered Level 5 of the Dungeon
  4187 | D:5      | Noticed a phantom
  4207 | D:5      | Killed a phantom
  4208 | D:5      | Reached skill level 5 in Maces & Flails
  4292 | D:5      | Found a hide-covered altar of Uskayaw.
  4326 | D:5      | Noticed Edmund
  4338 | D:5      | Killed Edmund
  4339 | D:5      | Reached skill level 5 in Fighting
  4339 | D:5      | Reached XP level 7. HP: 22/50 MP: 9/9
  4798 | D:5      | Noticed Pikel
  4808 | D:5      | Killed Pikel
  4809 | D:5      | Reached XP level 8. HP: 32/56 MP: 9/11
  5021 | D:5      | Found Erilouq's Magic Scroll Shoppe.
  5209 | D:6      | Reached skill level 6 in Maces & Flails
  5520 | D:6      | Reached ** piety under Cheibriados
  6148 | D:6      | Noticed a cyclops
  6159 | D:6      | Killed a cyclops
  6160 | D:6      | Reached skill level 5 in Dodging
  6160 | D:6      | Reached skill level 5 in Shields
  6160 | D:6      | Reached skill level 5 in Invocations
  6160 | D:6      | Reached XP level 9. HP: 58/63 MP: 12/12
  6999 | D:6      | Found a hazy altar of Hepliaklqana.
  7265 | D:7      | Found a blossoming altar of Fedhas.
  7265 | D:7      | Found an ancient bone altar of Kikubaaqudgha.
  7355 | D:7      | Reached *** piety under Cheibriados
  7753 | D:7      | Reached skill level 7 in Maces & Flails
  8597 | D:8      | Reached skill level 1 in Stealth
  8607 | D:8      | Reached skill level 1 in Evocations
  8625 | D:8      | Reached XP level 10. HP: 61/71 MP: 11/14
  8860 | D:8      | Reached **** piety under Cheibriados
  8894 | D:8      | Noticed Erica
  8900 | D:8      | Killed Erica
  9006 | D:8      | Found an opulent altar of Gozag.
  9173 | D:8      | Found a basalt altar of Yredelemnul.
  9617 | D:9      | Found a stormy altar of Qazlal.
  9706 | D:9      | Reached skill level 8 in Maces & Flails
  9916 | D:9      | Found a white marble altar of Elyvilon.
  9926 | D:9      | Found an iron altar of Okawaru.
 10042 | D:9      | Noticed Harold
 10048 | D:9      | Killed Harold
 10495 | D:9      | Reached skill level 1 in Throwing
 10498 | D:9      | Reached skill level 9 in Maces & Flails
 10505 | D:9      | Reached XP level 11. HP: 61/78 MP: 15/17
 10717 | D:10     | Entered Level 10 of the Dungeon
 10827 | D:10     | Reached ***** piety under Cheibriados
 10852 | D:10     | Found a staircase to the Orcish Mines.
 10902 | D:10     | Found a flagged portal.
 10911 | Bailey   | Entered a bailey
 11208 | Bailey   | Noticed an orc knight
 11238 | Bailey   | Killed an orc knight
 12056 | D:10     | Found a staircase to the Lair.
 12188 | D:10     | Found a transporter.
 12200 | D:10     | Noticed Kukuleta's ghost (novice TeAE)
 12214 | D:10     | Found a transporter.
 12559 | D:11     | Reached ****** piety under Cheibriados
 13024 | D:11     | Reached skill level 10 in Maces & Flails
 13031 | D:11     | Killed an unseen horror
 13559 | D:11     | Reached XP level 12. HP: 87/87 MP: 19/19
 13958 | D:12     | Noticed a tengu warrior
 13968 | D:12     | Killed a tengu warrior
 13976 | D:12     | Noticed a two-headed ogre
 13986 | D:12     | Killed a two-headed ogre
 14461 | D:12     | Found a runed translucent gate.
 14462 | D:12     | Found a runed translucent gate.
 14462 | D:12     | Found an opulent altar of Gozag.
 14464 | D:12     | Found a runed translucent gate.
 14465 | D:12     | Found Owogi's Assorted Antiques.
 14466 | D:12     | Noticed ymhsbmbesitwf's ghost (journeyman MiFi)
 14681 | D:12     | Noticed a two-headed ogre
 14688 | D:12     | Reached skill level 10 in Fighting
 14701 | D:12     | Killed a two-headed ogre
 14846 | D:12     | Found a portal to a secret trove of treasure.
 14851 | D:12     | Reached skill level 10 in Invocations
 15295 | D:13     | Noticed a two-headed ogre
 15305 | D:13     | Killed a two-headed ogre
 15446 | D:13     | Noticed a five-headed hydra
 15467 | D:13     | Found Lyaziqoy's Book Emporium.
 15472 | D:13     | Found Hamm's Magic Scroll Shop.
 15505 | D:13     | Bought a scroll of blinking for 112 gold pieces
 15505 | D:13     | Bought a scroll of teleportation for 45 gold pieces
 15505 | D:13     | Bought a scroll of blinking for 112 gold pieces
 15511 | D:13     | Found a gate leading to a gauntlet.
 15513 | D:13     | Noticed a boulder beetle
 15521 | Gauntlet | Entered a Gauntlet
 15521 | Gauntlet | Found a transporter.
 15521 | Gauntlet | Found a transporter.
 15528 | Gauntlet | Found a transporter.
 15542 | Gauntlet | Found a transporter.
 15561 | Gauntlet | Found a transporter.
 15561 | Gauntlet | Found a transporter.
 15563 | Gauntlet | Found a transporter.
 15565 | Gauntlet | Found a transporter.
 15565 | Gauntlet | Found a transporter.
 15583 | Gauntlet | Found a transporter.
 15600 | Gauntlet | Found a transporter.
 15608 | Gauntlet | Found a runed translucent door.
 15609 | Gauntlet | Noticed a great orb of eyes
 15610 | Gauntlet | Found a transporter.
 15612 | Gauntlet | Found a runed translucent door.
 15625 | Gauntlet | Found a transporter.
 15650 | Gauntlet | Found a transporter.
 15728 | Gauntlet | Got a jewelled morningstar
 15729 | Gauntlet | Identified the cursed +1 morningstar of Melee {freeze,
                  | Str+4} (You found it in a Gauntlet)
 15833 | Gauntlet | Reached skill level 11 in Maces & Flails
 15833 | Gauntlet | HP: 1/88 [something (17)]
 15833 | Gauntlet | Succumbed to poison (dark miasma)

Illustrated notes

Levels and vault maps discovered:
D:1:      minmay_arrival_glassed_features, layout_loops_corners
D:2:      layout_loops_cross, evilmike_ruin_ashenzari, uniq_crazy_yiuf_cottage
D:3:      layout_rooms, lemuel_crystal_altar, nicolae_ru_awakened_eye
D:4:      layout_basic, lemuel_crystal_altar, lemuel_doored_altar,
          temple_fountains, serial_undead, serial_undead_e, serial_undead_c,
          serial_undead_a, serial_undead_a
D:5:      layout_basic, general_overflow_altar, serial_shops,
          nicolae_shop_waterfront, uniq_edmund, uniq_pikel
D:6:      layout_cave_pods, kennysheep_mini
D:7:      layout_cave_pods, grunt_temple_overflow_growth_and_decay
D:8:      layout_loops_ring, lemuel_round_altar, nicolae_overflow_hidden_temple,
          minmay_manual_mail, uniq_erica
D:9:      layout_basic, nicolae_qazlal_style_of_elements,
          amethyst_overflow_temple_binary, uniq_harold
D:10:     layout_long_grid, grunt_lair_entry_orc_guard_hut, david_orc_4,
          gammafunk_ghost_berserking_beasts, enter_bailey_2
D:11:     layout_loops_ring
D:12:     layout_loops_ring, ebering_ghost_gozag,
          nicolae_trove_entry_path_of_doom
D:13:     layout_rooms, serial_shops, shop, kennysheep_mini_moat,
          nicolae_shop_trees, gauntlet_entry_generic, basic_altar,
          ebering_ghost_disaster_area, uniq_kirke
Gauntlet: gammafunk_gauntlet_mixed_choke_point
          [minmay_gauntlet_arena_77_broken_ladder,
          minmay_gauntlet_arena_77_block_sizes,
          minmay_gauntlet_arena_77_checkered, gammafunk_gauntlet_arena_hedges,
          minmay_gauntlet_arena_77_shame_cube,
          minmay_gauntlet_arena_77_tiled_triplets,
          minmay_gauntlet_arena_77_braids,
          nicolae_gauntlet_exit_dead_adventurers]

Skill      XL: |  1  2  3  4  5  6  7  8  9 10 11 12 |
---------------+-------------------------------------+-----
Maces & Flails | 3 4 5 6 7 9 10 11 | 11.0
Fighting       | 4 5 6 7 8 9 10 | 10.5
Invocations    | 1 3 4 5 6 8 9 10 | 10.5
Dodging        | 4 5 6 7 |  7.7
Shields        | 4 5 6 7 |  7.7
Stealth        | 2 4 |  4.4
Evocations     | 1 3 4 |  4.6
Throwing       | 1 3 |  3.1

Action                   |  1- 3 |  4- 6 |  7- 9 | 10-12 || total
-------------------------+-------+-------+-------+-------++-------
Melee: Flail             |    55 |    82 |   175 |   407 ||   719
       Constrict         |    13 |    18 |    46 |    79 ||   156
       Tentacles         |     7 |    10 |    60 |   162 ||   239
Throw: Dart              |       |     3 |     6 |    18 ||    27
Invok: Bend Time         |       |       |     1 |       ||     1
       Slouch            |       |       |       |     5 ||     5
Evoke: Wand              |       |       |     4 |    17 ||    21
  Use: Potion            |     1 |       |     5 |     2 ||     8
       Scroll            |       |    19 |     4 |     9 ||    32
 Stab: Sleeping          |     5 |     9 |    10 |    26 ||    50
       Paralysed         |       |       |     2 |       ||     2
       Invisible         |       |       |       |     4 ||     4
       Distracted        |       |       |       |     2 ||     2
Armor: Skin              |     5 |     4 |     2 |     4 ||    15
Dodge: Dodged            |    26 |    34 |    83 |   170 ||   313
Block: Kite shield       |    19 |    40 |   124 |   286 ||   469
